Map: Fields of Death

Players

iwangrozny - Winner!

  • Race: Terran Terran

Kamael - Winner!

  • Race: Terran Terran
  • League: Gold

kai

  • Race: Terran Terran

Gracz

  • Race: Protoss Protoss

VOD

Have the link to the VOD?

Description

Time

  • Played on: March 5, 2016, 11:06 a.m.
  • Length: 16:11
Show
View Real Time Build Order
Export as new Build Order

iwangrozny Terran - Winner!

Build Orders: MMM Bio 

Get SALT Encoding   

  12  0:01  SCV  
  13  0:19  SCV  
  14  0:22  Supply Depot  
  14  0:31  Refinery, SCV  
  15  0:43  SCV  
  15  0:49  Barracks  
  16  0:55  SCV  
  17  1:07  SCV  
  18  1:19  SCV  
  19  1:32  SCV  
  20  1:41  Command Center  
  20  1:44  Barracks Reactor, SCV  
  21  1:55  Supply Depot  
  21  1:56  SCV  
  22  2:12  SCV  
  22  2:13  Factory  
  23  2:22  Marine, Reaper  
  25  2:29  Refinery  
  25  2:36  Barracks  
  25  2:41  Marine  
  26  2:46  Orbital Command  
  26  2:54  Marine  
  26  2:57  Supply Depot  
  26  2:58  Widow Mine  
  29  3:10  SCV  
  30  3:15  SCV  
  31  3:22  SCV  
  31  3:26  Widow Mine  
  31  3:27  SCV  
  35  3:58  Widow Mine  
  35  4:01  Barracks Tech Lab  
  37  4:07  Starport  
  37  4:10  SCV  
  37  4:11  SCV  
  39  4:21  Command Center  
  39  4:22  SCV  
  39  4:23  SCV  
  39  4:24  Stimpack  
  41  4:34  SCV  
  41  4:36  SCV  
  43  4:41  Marine  
  43  4:42  Marine x2  
  46  4:46  SCV  
  46  4:48  SCV  
  46  4:52  Starport Reactor  
  48  4:59  Marine x2, Orbital Command  
  49  5:00  Marine, SCV  
  52  5:12  SCV  
  53  5:17  Marine  
  54  5:33  Marine x2, Medivac x2, SCV  
  54  5:35  Marine  
  62  5:37  Supply Depot  
  62  5:45  SCV  
  62  5:48  Command Center  
  63  5:50  Marine  
  64  5:57  SCV  
  64  5:59  Barracks, Supply Depot  
  64  6:03  Medivac x2, Refinery  
  69  6:04  Refinery  
  69  6:15  Marine x2  
  69  6:16  Marine  
  72  6:22  Engineering Bay  
  72  6:23  Supply Depot  
  72  6:26  Concussive Shells  
  72  6:33  Medivac  
  72  6:34  Marauder  
  76  6:43  SCV  
  76  6:46  Supply Depot  
  77  6:47  Barracks Tech Lab  
  77  6:48  Engineering Bay  
  77  6:50  Terran Infantry Weapons Level 1  
  77  6:55  SCV, Marauder  
  80  7:02  Supply Depot  
  80  7:07  SCV  
  81  7:11  Orbital Command  
  81  7:16  Terran Infantry Armor Level 1  
  81  7:17  Marauder  
  81  7:19  SCV  
  84  7:24  Combat Shields, Supply Depot  
  84  7:31  SCV  
  84  7:36  Marauder  
  87  7:38  Marauder  
  87  7:43  SCV  
  90  7:50  Medivac  
  92  7:55  SCV  
  92  7:57  Marauder  
  95  7:59  Marauder  
  95  8:01  Orbital Command  
  95  8:03  Barracks  
  97  8:07  SCV  
  98  8:13  Marine  
  98  8:14  Marine  
  98  8:17  Medivac  
  98  8:19  SCV, Marauder  
  105  8:21  Marauder  
  107  8:31  Marine x2, SCV  
  110  8:39  Medivac  
  110  8:40  Marauder  
  114  8:42  Marauder  
  116  8:49  Marine x2  
  116  8:53  Barracks, Barracks Reactor  
  118  8:57  Medivac  
  118  8:58  SCV  
  118  9:01  Marauder  
  123  9:03  Marine  
  123  9:07  Marine x2, SCV  
  123  9:09  Supply Depot  
  127  9:10  Supply Depot, SCV  
  128  9:19  SCV  
  128  9:21  Marauder  
  128  9:22  SCV  
  128  9:23  Marauder  
  134  9:24  Marine  
  134  9:25  Marine  
  136  9:31  SCV  
  136  9:32  Marine x2  
  139  9:42  Barracks, Marine  
  139  9:43  Marine, Marauder  
  139  9:44  Marauder  
  145  9:47  Supply Depot  
  145  9:48  Supply Depot x2  
  145  9:49  Supply Depot  
  145  9:50  Marine x2  
  145  9:51  Supply Depot  
  147  9:58  Marine  
  148  10:00  Marine x2  
  148  10:01  Medivac  
  148  10:02  Medivac  
  148  10:04  Marauder  
  148  10:05  Marauder  
  158  10:08  Marine x2  
  158  10:13  Armory  
  160  10:16  Marine  
  160  10:17  Refinery  
  160  10:18  Marine x2, Refinery  
  163  10:25  Marine x2  
  163  10:26  Marine x2  
  167  10:31  Medivac  
  167  10:32  Medivac  
  167  10:34  Marine  
  171  10:36  Marine x2  
  173  10:43  Marine x2  
  173  10:44  Marine x2  
  177  10:52  Marine  
  177  10:53  Marine  
  177  10:54  Marine  
  180  11:00  SCV  
  180  11:01  Marine x2, Medivac  
  180  11:02  Marine x2  
  187  11:10  Marine  
  187  11:11  Barracks Tech Lab, Marine  
  187  11:12  Marine  
  187  11:13  SCV  
  190  11:18  Marine  
  190  11:19  Marine x2  
  190  11:20  Marine  
  190  11:25  SCV  
  195  11:27  Marine  
  195  11:29  Marine x2  
  198  11:36  Marine  
  198  11:37  SCV  
  198  11:38  Marine  
  194  11:44  Marine x2  
  194  11:45  Marine  
  197  11:47  Marine x2  
  197  11:49  SCV  
  200  11:56  Terran Infantry Armor Level 2, Terran Infantry Weapons Level 2  
  198  12:30  Marine  
  198  12:31  Marine  
  141  12:59  Marine  
  141  13:00  Marine x6  
  143  13:17  Marine x5  
  143  13:18  Marine x2  
  149  13:28  Refinery x2  
  149  13:35  Marine x7  
  149  13:36  Marine  
  157  13:53  Marine x7  
  157  13:54  Marine  
  165  14:05  Starport  
  165  14:08  Fusion Core  
  165  14:10  Marine  
  165  14:11  Marine x6  
  165  14:12  Marine  
  165  14:15  Terran Ship Weapons Level 1  
  173  14:20  Command Center  
  173  14:28  Planetary Fortress, Marine  
  173  14:29  Marine x6  
  173  14:30  Marine  
  181  14:43  Starport  
  181  14:46  Marine x4  
  181  14:47  Marine x4  
  189  14:57  Armory  
  189  15:04  Marine x7  
  189  15:05  Marine  
  196  15:22  Marine x4, Starport  
  199  15:32  Refinery  
  199  15:34  Refinery  
  166  15:46  Marine  
  166  15:47  Marine x6  
  159  16:01  Starport  
Show
View Real Time Build Order
Export as new Build Order

Kamael Terran - Winner!

Build Orders: Reaper Expand, MMM Bio 

Get SALT Encoding   

  12  0:01  SCV  
  13  0:13  SCV  
  14  0:19  Supply Depot  
  14  0:26  SCV  
  15  0:42  Barracks  
  15  0:44  SCV  
  15  0:47  Refinery  
  16  0:58  SCV  
  17  1:26  Refinery  
  17  1:34  Reaper  
  18  1:41  Orbital Command  
  18  2:14  SCV  
  19  2:20  Factory  
  19  2:21  Command Center  
  19  2:26  SCV  
  20  2:38  SCV  
  20  3:44  Orbital Command  
  20  3:49  Factory Tech Lab  
  20  3:51  Starport  
  20  4:01  Barracks Reactor  
  20  4:05  Supply Depot x2  
  20  4:08  Supply Depot  
  20  4:10  SCV  
  21  4:19  Liberator  
  21  4:22  SCV x2  
  23  4:33  Barracks  
  23  4:34  SCV x2  
  23  4:36  Barracks  
  28  4:46  SCV x2  
  28  4:51  Refinery  
  30  4:54  Refinery  
  30  4:58  SCV x2  
  32  5:08  Engineering Bay  
  32  5:10  SCV x2  
  32  5:11  Engineering Bay  
  34  5:22  SCV x2  
  34  5:23  Barracks Tech Lab  
  34  5:24  Barracks Tech Lab  
  34  5:25  Starport Reactor  
  36  5:39  Terran Infantry Armor Level 1, Terran Infantry Weapons Level 1  
  36  5:41  Combat Shields  
  36  5:43  Stimpack  
  36  5:44  Siege Tank  
  36  5:46  Marine  
  36  5:47  Marine x3  
  43  6:04  Marine x4  
  47  6:17  Siege Tank  
  50  6:22  Marine x2  
  49  6:47  Medivac x2  
  53  7:00  SCV  
  53  7:01  Barracks  
  54  7:03  Barracks  
  54  7:05  Barracks  
  54  7:12  SCV  
  55  7:16  Command Center  
  55  7:17  Medivac, Marine x4  
  61  7:24  SCV  
  61  7:29  Supply Depot  
  62  7:34  Supply Depot  
  62  7:50  Marine x4  
  66  7:51  Supply Depot  
  66  7:55  Armory  
  66  8:00  Supply Depot  
  66  8:08  Marine x4  
  70  8:14  Barracks Reactor  
  70  8:15  Barracks Reactor x2  
  70  8:16  Medivac  
  70  8:17  Medivac  
  74  8:26  Marine x3  
  77  8:33  Marine  
  78  8:40  Orbital Command  
  78  8:44  Marine x3  
  81  8:50  Marine  
  82  9:02  Marine x3  
  85  9:08  Marine  
  86  9:20  Marine x3  
  89  9:26  Marine  
  74  9:32  Marine x6  
  74  9:37  Marine x3  
  83  9:44  Marine  
  84  9:50  Marine x6  
  90  9:55  Marine x3, Orbital Command  
  90  9:57  Terran Infantry Weapons Level 2  
  90  9:58  Terran Infantry Armor Level 2  
  93  10:02  Marine  
  94  10:08  Marine x2  
  98  10:21  Marauder  
  98  10:22  Marauder  
  100  10:36  Marine x2  
  104  10:43  Marauder x2  
  106  10:58  Marine x3  
  109  11:11  Supply Depot  
  109  11:13  Supply Depot  
  109  11:14  Supply Depot  
  109  11:16  Supply Depot x2  
  109  11:17  Supply Depot  
  109  11:30  Marine x4  
  109  11:31  Marine x3, Marauder  
  109  11:32  Marauder  
  109  11:33  Marine  
  103  11:48  Marine x4  
  103  11:49  Marine x3  
  103  11:50  Marine  
  103  11:52  Marauder  
  103  11:53  Marauder  
  93  11:58  SCV  
  94  12:06  Marine x4  
  94  12:07  Marine x3  
  101  12:08  Marine  
  101  12:09  Medivac x2  
  101  12:10  SCV  
  101  12:13  Marine  
  101  12:14  Marauder  
  106  12:22  SCV  
  106  12:24  Marine x4  
  106  12:25  Marine x3  
  106  12:26  Marine  
  74  12:31  Marine  
  74  12:34  SCV  
  74  12:35  Marine  
  77  12:39  Medivac x2  
  77  12:41  Marine x4  
  77  12:42  Marine x3  
  77  12:44  Marine  
  88  12:47  SCV  
  88  12:48  Marine  
  91  12:53  Marine  
  92  12:59  Marine x4  
  92  13:00  Marine x3  
  92  13:02  Marine  
  100  13:06  Marine  
  100  13:09  Medivac x2  
  100  13:11  Marine  
  106  13:17  Marine x4  
  106  13:18  Marine x3  
  106  13:19  Marine  
  113  13:24  Marine  
  115  13:29  Marine  
  98  13:35  Marine x4  
  98  13:38  Marine x4  
  104  13:42  Marine  
  104  13:47  Marine  
  106  13:53  Marine x4  
  110  13:56  Marine x4  
  110  14:00  Marine  
  110  14:01  Command Center  
  115  14:04  Marine  
  116  14:10  Marine  
  117  14:19  Marine x3  
  117  14:20  Marine x5  
  117  14:22  Marine  
  126  14:45  Marine x10  
  136  15:02  Marine  
  136  15:03  Marine x9  
  146  15:16  Orbital Command  
  146  15:20  Marine  
  146  15:21  Marine x9  
  155  15:38  Marine x6  
  155  15:39  Marine x4  
Show
View Real Time Build Order
Export as new Build Order

kai Terran 

Build Orders:  

Get SALT Encoding   

  12  0:04  SCV  
  13  0:16  SCV  
  13  0:19  Supply Depot  
  14  0:28  SCV  
  15  0:40  SCV  
  16  0:50  Barracks  
  16  0:53  SCV  
  17  0:58  Refinery  
  17  1:05  SCV  
  18  1:17  SCV  
  19  1:20  Supply Depot  
  19  1:37  Command Center  
  19  1:40  Marine  
  20  1:49  Bunker  
  20  1:58  Marine  
  20  2:00  Orbital Command  
  21  2:14  Engineering Bay  
  21  2:16  Marine  
  21  2:22  Supply Depot  
  22  2:34  Marine  
  23  2:54  Marine  
  24  3:07  SCV  
  24  3:12  Marine  
  25  3:19  SCV  
  27  3:23  Factory  
  27  3:29  Barracks  
  27  3:30  Marine  
  27  3:31  SCV  
  29  3:43  SCV  
  29  3:48  Marine  
  31  4:01  Orbital Command  
  31  4:06  Marine  
  31  4:07  Factory Tech Lab  
  32  4:22  Barracks Tech Lab  
  33  4:26  Barracks Reactor  
  33  4:28  Widow Mine  
  34  4:39  Barracks  
  34  4:41  Barracks  
  34  4:43  SCV  
  35  4:45  Starport  
  35  4:46  Starport  
  35  4:49  Refinery  
  35  4:55  Refinery, SCV  
  35  4:57  Refinery, Widow Mine  
  35  4:58  SCV  
  39  5:07  SCV  
  39  5:10  Marine  
  39  5:11  Marine x2  
  39  5:14  SCV  
  44  5:19  SCV  
  45  5:30  SCV  
  45  5:32  SCV  
  47  5:36  Supply Depot  
  47  5:39  Marine x2  
  47  5:41  Barracks Tech Lab  
  47  5:42  Barracks Tech Lab, SCV  
  50  5:44  Widow Mine  
  52  5:55  SCV  
  53  5:57  Missile Turret  
  53  6:00  Missile Turret  
  53  6:04  Missile Turret  
  53  6:07  SCV  
  54  6:13  Missile Turret  
  54  6:16  Missile Turret  
  54  6:19  SCV  
  54  6:20  Missile Turret  
  54  6:21  Marine x3  
  58  6:31  SCV  
  59  6:43  SCV  
  59  6:45  Medivac  
  62  6:51  Supply Depot  
  62  6:53  Supply Depot  
  62  7:13  Marine x5, Medivac  
  62  7:15  Combat Shields  
  69  7:16  Stimpack  
  69  7:19  Starport Tech Lab  
  69  7:20  Siege Tank  
  72  7:31  Marine x2  
  74  7:43  Terran Infantry Weapons Level 1  
  74  7:48  Engineering Bay  
  74  7:51  Marine x4  
  75  7:52  Armory  
  75  7:53  Armory  
  78  8:15  Supply Depot  
  78  8:17  Supply Depot  
  78  8:25  Terran Infantry Armor Level 1  
  78  8:37  Marine x3, Medivac, Marauder  
  78  8:38  Medivac, Siege Tank  
  78  8:39  Supply Depot, Marauder  
  92  8:55  Marauder  
  94  9:00  Marine  
  94  9:01  Supply Depot, Marauder  
  97  9:11  Siege Tank  
  100  9:24  Supply Depot  
  100  9:39  Medivac x2  
  100  9:43  Siege Tank  
  107  9:46  Supply Depot  
  107  9:56  Missile Turret  
  107  10:02  Marine x3  
  107  10:06  Command Center  
  110  10:15  Missile Turret, Siege Tank  
  110  10:17  Terran Infantry Weapons Level 2  
  110  10:18  Supply Depot  
  110  10:20  Supply Depot  
  111  10:36  Missile Turret  
  111  10:51  Siege Tank  
  114  11:04  Terran Infantry Armor Level 2  
  114  11:18  Orbital Command  
  114  11:21  Marine x3  
  114  11:22  Refinery, Marauder x2  
  114  11:23  Siege Tank  
  116  11:40  Marauder  
  116  11:44  Marauder  
  115  11:47  Refinery  
  115  11:50  SCV  
  115  11:54  Widow Mine  
  117  12:02  SCV  
  118  12:14  Marine x5, SCV  
  114  12:23  Widow Mine  
  114  12:26  SCV  
  107  12:32  Marine x5  
  112  12:38  SCV  
  113  12:50  Marine x3  
  94  13:29  Siege Tank  
  97  13:47  Marine x2  
  97  13:48  Marine x3  
  101  13:51  Medivac  
  104  13:59  Starport  
  104  14:01  Siege Tank  
  107  14:05  Missile Turret  
  107  14:06  Missile Turret, Marauder x2  
  111  14:21  Medivac  
  113  14:34  Siege Tank  
  116  14:39  Factory  
  116  15:00  Marine x5  
  116  15:06  SCV  
  122  15:18  Marine x5, SCV  
  126  15:31  SCV  
  127  15:35  Marine  
  127  15:36  Marine x4  
Show
View Real Time Build Order
Export as new Build Order

Gracz Protoss 

Build Orders:  

Get SALT Encoding   

  12  0:02  Probe (Chrono Boost)  
  13  0:13  Probe (Chrono Boost)  
  14  0:23  Probe (Chrono Boost)  
  15  0:31  Pylon  
  15  0:35  Assimilator  
  15  0:41  Pylon  
  15  0:44  Assimilator  
  15  0:49  Probe (Chrono Boost)  
  16  0:59  Probe (Chrono Boost)  
  17  1:10  Probe (Chrono Boost)  
  18  1:20  Probe (Chrono Boost)  
  19  1:31  Probe (Chrono Boost)  
  20  1:35  Gateway x2  
  20  1:41  Probe (Chrono Boost)  
  21  1:52  Probe (Chrono Boost)  
  22  2:22  Nexus  
  22  2:25  Assimilator  
  22  2:29  Assimilator  
  22  2:31  Pylon  
  22  2:35  Pylon  
  22  2:39  Pylon  
  22  2:45  Zealot (Chrono Boost)  
  24  3:12  Probe  
  25  3:25  Forge  
  23  3:42  Gateway  
  23  3:43  Gateway  
  23  3:45  Gateway  
  23  3:59  Zealot (Chrono Boost)  
  23  4:01  Zealot (Chrono Boost)  
  27  4:14  Cybernetics Core  
  27  4:23  Probe  
  27  4:27  Probe  
  29  4:34  Probe  
  30  4:39  Probe  
  30  4:44  Probe  
  31  4:51  Probe  
  33  4:55  Gateway  
  33  4:59  Probe  
  33  5:03  Probe  
  35  5:10  Probe  
  36  5:15  Probe  
  36  5:20  Probe  
  37  5:26  Stalker (Chrono Boost)  
  37  5:28  Probe, Warp Gate (Chrono Boost)  
  41  5:31  Probe  
  42  5:40  Probe  
  43  5:46  Pylon  
  43  5:49  Pylon  
  43  5:50  Probe  
  43  5:52  Pylon  
  44  5:58  Mothership Core  
  44  6:00  Probe  
  44  6:02  Stalker  
  44  6:03  Stalker x2  
  53  6:11  Probe  
  45  6:56  Stargate x2  
  45  6:58  Stargate  
  45  7:00  Stargate  
  45  7:02  Stargate  
  45  7:33  Stalker x3  
  45  7:34  Stalker  
  53  7:37  Zealot  
  53  7:39  Pylon  
  55  7:59  Probe  
  55  8:02  Probe  
  57  8:09  Probe  
  58  8:14  Probe  
  59  8:20  Probe  
  59  8:26  Probe  
  61  8:30  Probe  
  62  8:38  Fleet Beacon  
  62  8:41  Probe  
  63  8:52  Twilight Council  
  63  9:05  Probe  
  52  9:38  Stalker x4  
  56  9:39  Stalker x2  
  64  9:58  Void Ray x2  
  72  10:09  Nexus  
  72  10:20  Templar Archives  
  72  10:23  Dark Shrine  
  72  10:33  Robotics Facility  
  72  10:37  Robotics Facility  
  72  10:40  Robotics Facility  
  72  10:51  Stalker x2  
  72  10:52  Stalker  
  78  11:02  Assimilator  
  77  11:19  Probe  
  78  11:30  Probe  
  79  11:40  Probe  
  70  11:51  Probe  
  71  12:02  Probe  
  71  12:04  Tempest  
  71  12:05  Tempest, Void Ray x2  
  88  12:12  Probe  
  88  12:15  Probe  
  90  12:23  Probe  
  67  13:10  Void Ray x2  
  67  13:11  Void Ray x3  
  87  14:00  Tempest x3  
  99  14:03  Stalker  
  101  14:18  Pylon  
  101  14:24  Pylon  
  101  14:33  Protoss Air Weapons Level 1 (Chrono Boost)  
  101  14:48  Immortal  
  89  15:48  Nexus  
Tags
 
Add a new tag
Caveats
  • Supply blocks, unpowered buildings, or Contaminate may cause inaccurate times.
  • Supply counts are checked every 10 seconds.